 Dungeon Crawl Stone Soup version 0.30-a0-840-ga523dec638 (webtiles) character file.

Game seed: 14913278410698613152

11722 gelatine the Arsonist (level 11, -16/80 HPs)
             Began as a Demonspawn Fire Elementalist on Mar 1, 2023.
             Was a Believer of Vehumet.
             Demolished by a boulder beetle (17 damage)
             ... on level 11 of the Dungeon on Mar 2, 2023.
             The game lasted 00:33:12 (12587 turns).

gelatine the Arsonist (DsFE)                       Turns: 12587, Time: 00:33:12

Health: -16/80     AC: 12    Str:  9    XL:     11   Next: 53%
Magic:  0/22       EV: 13    Int: 24    God:    Vehumet [**....]
Gold:   597        SH:  0    Dex: 13    Spells: 16/25 levels left

rFire   + + .      SeeInvis .    Q - +7 mace of Variability {chaos, chain chaos}
rCold   + . .      Faith    .    (shield currently unavailable)
rNeg    + . .      Spirit   +    e - +3 leather armour of the Lost Lies {+Inv rElec rC+ Int+3}
rPois   .          Reflect  .    B - +2 hat
rElec   +          Harm     .    (no cloak)
rCorr   .          Rampage  .    (no gloves)
Will    .....                    (no boots)
Stlth   ++                       t - amulet of the acrobat
HPRegen 0.33/turn                k - ring of positive energy
MPRegen 0.36/turn                (no ring)

@: studying Transmutations
A: hooves 2, molten scales 3, powered by death 1, magic shield, magic
regeneration, claws 1, fire resistance 1, noise suppression
a: Renounce Religion, Evoke Invisibility


You were on level 11 of the Dungeon.
You worshipped Vehumet.
Vehumet was pleased with you.
You visited 2 branches of the dungeon, and saw 12 of its levels.
You also visited: Bailey.

You collected 597 gold pieces.

Inventory:

Hand Weapons
 Q - the +7 mace of Variability (weapon) {chaos, chain chaos}
   (You found it on level 10 of the Dungeon)
Missiles
 g - 2 throwing nets
Armour
 e - the +3 leather armour of the Lost Lies (worn) {+Inv rElec rC+ Int+3}
   (You found it in a bailey)

   Int:       It affects your intelligence (+3).
   rC:        It protects you from cold.
   rElec:     It insulates you from electricity.
   +Inv:      It lets you turn invisible.
 r - a +0 robe of the Archmagi
 B - a +2 hat (worn)
 J - a +2 robe of willpower
Jewellery
 k - a ring of positive energy (left claw)
 t - an amulet of the acrobat (around neck)
Wands
 b - a wand of paralysis (7)
 m - a wand of polymorph (9)
 x - a wand of quicksilver (7)
 L - a wand of digging (6)
 N - a wand of flame (8)
Scrolls
 d - 4 scrolls of teleportation
 f - 2 scrolls of enchant weapon
 h - a scroll of vulnerability
 l - a scroll of fog
 s - a scroll of summoning {unknown}
 v - 4 scrolls of immolation {unknown}
 y - a scroll of silence {unknown}
 z - a scroll of acquirement {unknown}
 P - a scroll of enchant armour {unknown}
Potions
 a - a potion of brilliance
 c - a potion of attraction {unknown}
 A - a potion of magic
 C - a potion of invisibility
 F - a potion of berserk rage
 K - a potion of cancellation {unknown}
 M - a potion of haste {unknown}
 O - a potion of might {unknown}
Miscellaneous
 p - a condenser vane (inert)
 D - a lightning rod (3/4)


   Skills:
 * Level 5.5 Fighting
 + Level 1.2(2.3) Axes
 + Level 3.2(3.4) Maces & Flails
 * Level 1.1(2.3) Staves
 + Level 3.1 Armour
 * Level 6.2 Dodging
 + Level 3.1 Stealth
 + Level 7.8 Spellcasting
 * Level 6.9 Conjurations
 * Level 9.4 Fire Magic
 * Level 4.0 Evocations


You had 16 spell levels left.
You knew the following spells:

 Your Spells              Type           Power      Damage    Failure   Level
a - Foxfire               Conj/Fire      100%       2x1d9     1%          1
b - Scorch                Fire           100%       2d10      1%          2
c - Flame Wave            Conj/Fire      48%        2d12      3%          4
d - Momentum Strike       Conj/Tloc      52%        3d9       3%          2

Your spell library contained the following spells:

 Spells                   Type           Power      Damage    Failure   Level
 Shock                    Conj/Air       100%       1d9       2%          1
 Inner Flame              Hex/Fire       32%        N/A       3%          3
 Sticky Flame             Conj/Fire      48%        2d7       3%          4
 Ignite Poison            Fire/Tmut/Pois 24%        N/A       8%          3
 Kindle Blastsparks       Fire/Tloc/Air  48%        2d14      8%          3
 Blink                    Tloc           18%        N/A       14%         2
 Lesser Beckoning         Tloc           18%        N/A       14%         2
 Ignition                 Fire           26%        3d9       100%        8


Dungeon Overview and Level Annotations

Branches:
Dungeon (11/15)            Temple (1/1) D:7          Bailey (visited)
   Lair: D:8-11         Orc: D:9-12

Altars:
Ashenzari
Cheibriados
Dithmenos
Fedhas
Gozag
Hepliaklqana
Kikubaaqudgha
Makhleb
Nemelex Xobeh
Okawaru
Qazlal
Ru
Sif Muna
Trog
Uskayaw
Vehumet
Wu Jian
Xom
Yredelemnul

Shops:
D:6 (   D:7 *   D:8 (   D:10 =

Annotations:
D:4 2 transporters, loam's ghost, weakling DsHu
D:10 3 runed translucent doors, Nacht's ghost, journeyman DsEE


Innate Abilities, Weirdness & Mutations

You have hoof-like feet.
You are completely covered in molten scales. (AC +4, rF+)
You regenerate a little health from kills.
When hurt, damage is shared between your health and your magic reserves.
You regenerate magic rapidly.
You have sharp fingernails.
Your flesh is heat resistant. (rF+)
You passively dampen the noise of your surroundings.


Message History

You destroy the shadow!
Vehumet accepts your kill.
You feel your power returning.
The boulder beetle curls into a ball and begins rolling!
The acid dragon spits acid at you. The splash of acid hits you.
* * * LOW HITPOINT WARNING * * *
The acid corrodes you!
Blink to where?
Press: ? - help, Q - select action, (/) - cycle Dir - move target, p - boulder beetle
As you read the scroll of blinking, it crumbles to dust.
The boulder beetle attacks as you move away!
The boulder beetle misses you.
The boulder beetle stops rolling and uncurls.
The boulder beetle curls into a ball and begins rolling!
The boulder beetle seems less drained.
The boulder beetle hits you but does no damage.
The boulder beetle stops rolling and uncurls.
The boulder beetle curls into a ball and begins rolling!
The boulder beetle looks more healthy.
The boulder beetle misses you.
The boulder beetle stops rolling and uncurls.
The boulder beetle curls into a ball and begins rolling!
The boulder beetle attacks as you move away!
The boulder beetle closely misses you.
The boulder beetle stops rolling and uncurls.
You are no longer corroded.
The boulder beetle attacks as you move away!
The boulder beetle misses you.
The boulder beetle attacks as you move away!
The boulder beetle bites you!
* * * LOW HITPOINT WARNING * * *
The boulder beetle curls into a ball and begins rolling!
Aiming: Paralyse
Press: ? - help, Q - select action, (/) - cycle Shift-Dir - straight line, f - boulder beetle
Aim: a boulder beetle (severely wounded, rolling, unusually resistant, chance to affect: 41%)
The boulder beetle resists with some effort.
The boulder beetle is no longer unusually resistant.
The boulder beetle hits you!!
You die... ####.## #.# ##... ......# ##.###....P. ......# #.....P..P.. ......# ###...P...P... ......#####........P.... .........°○.#..PP.P...... ......#######.○..........
PSPPP

#.#####
##.B.........P.P..P..
#.#
#..@.P.P...P...PBP.P
#.#
##.P..P.P..P.P......
#.#
#.............P.P..
#..
##..P..............
##'
#####+......P.PP...PP
.
#......##...........##
.. #......# ##..P #..†
+......# ### #.##
#......# #.#


You could see a boulder beetle (rolling).

Vanquished Creatures
  2 two-headed ogres
  Amaemon (D:7)
  Pikel (D:6)
  An orc knight (Bailey)
  A deep elf pyromancer (Bailey)
  A cyclops (D:8)
  An orange demon (D:8)
  A troll (D:11)
  Prince Ribbit (D:5)
  A shadow (D:11)
  A wraith (D:11)
  21 yaks
  A steam dragon (D:7)
  2 chaos spawn (D:10)
  3 acid dragons
  4 water moccasins
  2 sky beasts
  2 black bears (D:11)
  An ice beast (D:8)
  8 orc warriors
  A centaur (D:9)
  2 lemures (D:6)
  2 kobold brigands
  2 bullfrogs
  A gnoll sergeant (D:8)
  2 necrophages
  A scorpion (D:5)
  9 killer bees (D:9)
  A howler monkey (D:5)
  2 jellies
  A hound (D:4)
  5 orc priests
  Ijyb (D:4)
  3 iguanas
  8 orc wizards
  12 gnolls
  10 adders
  3 shadow imps
  A white imp (D:8)
  3 ufetubi (D:5)
  5 worms
  A dart slug (D:1)
  29 orcs
  5 bats
  6 endoplasms
  4 giant cockroaches
  3 goblins
  5 hobgoblins
  7 jackals (D:1)
  18 kobolds
  3 quokkas (D:4)
  5 ball pythons
  2 frilled lizards
  6 rats
225 creatures vanquished.

Vanquished Creatures (collateral kills)
  2 foxfires
2 creatures vanquished.

Vanquished Creatures (others)
  An orc wizard (D:5)
  930 foxfires
  30 fungi (D:11)
  30 plants (D:11)
991 creatures vanquished.

Grand Total: 1218 creatures vanquished

Notes
Turn   | Place    | Note
-------+----------+-------------------------------------------
     0 | D:1      | gelatine the Demonspawn Fire Elementalist began the quest
                  | for the Orb.
     0 | D:1      | Reached XP level 1. HP: 13/13 MP: 3/3
   269 | D:1      | Found a faded altar of an unknown god.
   520 | D:1      | Gained mutation: You have large cloven feet. [demonic
                  | ancestry]
   520 | D:1      | Reached XP level 2. HP: 19/19 MP: 1/5
   746 | D:1      | Reached skill level 3 in Fire Magic
  1294 | D:2      | Reached XP level 3. HP: 24/24 MP: 1/6
  1477 | D:2      | Reached skill level 1 in Axes
  1477 | D:2      | Reached XP level 4. HP: 30/30 MP: 0/8
  1630 | D:2      | Found a basalt altar of Yredelemnul.
  2705 | D:3      | Gained mutation: You are partially covered in molten
                  | scales. (AC +2) [demonic ancestry]
  2705 | D:3      | Reached XP level 5. HP: 35/35 MP: 2/9
  3144 | D:3      | Learned a level 2 spell: Scorch
  3444 | D:4      | Noticed Ijyb
  3459 | D:4      | Paralysed by Ijyb for 3 turns
  3470 | D:4      | Killed Ijyb
  3801 | D:4      | Reached skill level 1 in Fighting
  3803 | D:4      | Gained mutation: You regenerate magic rapidly. [demonic
                  | ancestry]
  3803 | D:4      | Reached XP level 6. HP: 43/43 MP: 1/11
  4055 | D:4      | Found a transporter.
  4055 | D:4      | Noticed loam's ghost (weakling DsHu)
  4065 | D:4      | Reached skill level 4 in Fire Magic
  4206 | D:4      | Found a transporter.
  4250 | D:4      | Found a hide-covered altar of Uskayaw.
  4251 | D:4      | Found a blossoming altar of Fedhas.
  4576 | D:5      | Entered Level 5 of the Dungeon
  4767 | D:5      | Gained mutation: You are mostly covered in molten scales.
                  | (AC +3) [demonic ancestry]
  4767 | D:5      | Reached XP level 7. HP: 48/48 MP: 1/13
  4771 | D:5      | Noticed Prince Ribbit
  4782 | D:5      | Killed Prince Ribbit
  4854 | D:5      | You fall into a shaft and drop 1 floor!
  4969 | D:6      | Found Fogroqer's Antique Weapon Boutique.
  5487 | D:6      | Noticed Pikel
  5513 | D:6      | Found a stormy altar of Qazlal.
  5707 | D:6      | Killed Pikel
  5708 | D:6      | Reached skill level 1 in Maces & Flails
  5708 | D:6      | Reached skill level 5 in Spellcasting
  5708 | D:6      | Reached skill level 5 in Fire Magic
  5708 | D:6      | Gained mutation: When hurt, damage is shared between your
                  | health and your magic reserves. [demonic ancestry]
  5708 | D:6      | Reached XP level 8. HP: 40/57 MP: 3/15
  6584 | D:7      | Found Ygotuus's General Store.
  6637 | D:7      | Gained mutation: You do not regenerate when monsters are
                  | visible. [potion of mutation]
  6682 | D:7      | Reached skill level 6 in Fire Magic
  6797 | D:7      | Found a broken altar of Ashenzari.
  6805 | D:7      | Found a faded altar of an unknown god.
  6807 | D:7      | Found a shadowy altar of Dithmenos.
  6809 | D:7      | Found an ancient bone altar of Kikubaaqudgha.
  7040 | D:7      | Found a flagged portal.
  7049 | Bailey   | Entered a bailey
  7089 | Bailey   | Learned a level 4 spell: Flame Wave
  7096 | Bailey   | Noticed an orc knight
  7183 | Bailey   | Killed an orc knight
  7184 | Bailey   | Gained mutation: You have hoof-like feet. [demonic
                  | ancestry]
  7184 | Bailey   | Reached XP level 9. HP: 29/65 MP: 9/17
  7369 | Bailey   | Found a large runed translucent door.
  7369 | Bailey   | Found a large runed translucent door.
  7370 | Bailey   | Noticed a deep elf pyromancer
  7417 | Bailey   | Reached skill level 7 in Fire Magic
  7502 | Bailey   | Learned a level 2 spell: Momentum Strike
  7506 | Bailey   | Killed a deep elf pyromancer
  7507 | Bailey   | Reached skill level 5 in Conjurations
  7513 | Bailey   | Identified the +3 leather armour of the Lost Lies {+Inv
                  | rElec rC+ Int+3}
  7815 | D:7      | Found a staircase to the Ecumenical Temple.
  7858 | Temple   | Entered the Ecumenical Temple
  7868 | Temple   | Became a worshipper of Vehumet
  8070 | D:8      | Noticed Amaemon
  8070 | D:8      | Noticed an orange demon
  8091 | D:8      | Killed an orange demon
  8092 | D:8      | Reached skill level 1 in Evocations
  8113 | D:7      | Killed Amaemon
  8114 | D:7      | Reached skill level 8 in Fire Magic
  8114 | D:7      | Gained mutation: You regenerate a little health from kills.
                  | [demonic ancestry]
  8114 | D:7      | Reached XP level 10. HP: 35/73 MP: 0/19
  8521 | D:8      | Reached skill level 1 in Armour
  8591 | D:8      | Reached skill level 5 in Dodging
  8772 | D:8      | Found Font's Weapon Shop.
  8990 | D:8      | Lost mutation: You do not regenerate when monsters are
                  | visible. [potion of mutation]
  8990 | D:8      | Gained mutation: You have hidden genetic potential. [potion
                  | of mutation]
  8990 | D:8      | Gained mutation: You have a pair of small horns on your
                  | head. [potion of mutation]
  9242 | D:8      | Lost mutation: You have hidden genetic potential. [potion
                  | of mutation]
  9242 | D:8      | Lost mutation: You have a pair of small horns on your head.
                  | [potion of mutation]
  9242 | D:8      | Gained mutation: Your flesh is heat resistant. (rF+)
                  | [potion of mutation]
  9242 | D:8      | Gained mutation: You passively dampen the noise of your
                  | surroundings. [potion of mutation]
  9242 | D:8      | Gained mutation: You have sharp fingernails. [potion of
                  | mutation]
  9361 | D:8      | Noticed a cyclops
  9376 | D:8      | Killed a cyclops
 10086 | D:9      | Reached * piety under Vehumet
 10086 | D:9      | Offered knowledge of Freeze by Vehumet.
 10471 | D:9      | Noticed a two-headed ogre
 10479 | D:9      | Killed a two-headed ogre
 10480 | D:9      | Reached skill level 5 in Fighting
 11106 | D:10     | Entered Level 10 of the Dungeon
 11126 | D:10     | Noticed a two-headed ogre
 11135 | D:10     | Killed a two-headed ogre
 11226 | D:10     | Found Haproeffytt's Jewellery Emporium.
 11243 | D:10     | Gained mutation: You are completely covered in molten
                  | scales. (AC +4, rF+) [demonic ancestry]
 11243 | D:10     | Reached XP level 11. HP: 72/80 MP: 7/22
 11421 | D:10     | Found the +7 mace of Variability {chaos, chain chaos}
 11423 | D:10     | Found a shimmering altar of Xom.
 11453 | D:10     | Reached skill level 9 in Fire Magic
 11588 | D:10     | Found a runed translucent gate.
 11588 | D:10     | Noticed an ogre mage
 11588 | D:10     | Noticed Nacht's ghost (journeyman DsEE)
 11589 | D:10     | Found a runed translucent gate.
 11589 | D:10     | Found a runed translucent gate.
 11589 | D:10     | Noticed a deep troll
 12059 | D:10     | Found a basalt altar of Yredelemnul.
 12269 | D:11     | Offered knowledge of Shock by Vehumet.
 12352 | D:11     | Noticed a boulder beetle
 12371 | D:11     | Reached skill level 1 in Staves
 12373 | D:11     | Reached ** piety under Vehumet
 12568 | D:11     | HP: 2/80 [something (19)]
 12586 | D:11     | HP: 1/80 [boulder beetle (6)]
 12587 | D:11     | Demolished by a boulder beetle

Illustrated notes

Levels and vault maps discovered:
D:1:      roderic_octagonal_star, layout_loops_corners,
          shapermc_ecumenical_altar_mp_highgroup
D:2:      layout_rooms, serial_rivers, chequers_serial_rivers_small_b,
          chequers_serial_rivers_micro_e, chequers_serial_rivers_micro_e,
          chequers_serial_rivers_micro_c, chequers_serial_rivers_room_a,
          chequers_serial_rivers_micro_d, basic_altar
D:3:      layout_basic
D:4:      layout_basic, mainiacjoe_overflow_divided_tiny,
          gammafunk_ghost_mausoleum, uniq_ijyb
D:5:      layout_loops_ring, minmay_manual_monstrance, uniq_prince_ribbit1
D:6:      layout_cave_pods, nicolae_qazlal_general_emergency, serial_shops,
          nicolae_shop_advertising_works [nicolae_subvault_shop_adworks],
          uniq_pikel
D:7:      layout_gridville, chequers_temple_overflow_minitemple,
          nicolae_overflow_hidden_temple, lemuel_tele_altar,
          minmay_temple_entry_gardened_gates, serial_shops, shop,
          enter_bailey_6, kennysheep_generic_room_9
D:8:      layout_layer_cave, serial_shops, shop, st_stairs_10, uniq_amaemon
D:9:      layout_stronghold
D:10:     layout_small_grid, kennysheep_mini_moat, gammafunk_ghost_split,
          serial_shops, nicolae_shop_trees, minmay_guarded_unrand_variability
D:11:     layout_roguey, due_lair_maze_entry_diamond,
          chequers_serial_rivers_micro_e
Temple:   nicolae_temple_no_exploring_needed

Skill      XL: |  1  2  3  4  5  6  7  8  9 10 11 |
---------------+----------------------------------+-----
Fire Magic     | 3 4 5 6 8 9 |  9.4
Dodging        | 2 3 4 5 6 |  6.2
Axes           | 1 |  1.2
Spellcasting   | 3 4 5 6 7 |  7.8
Stealth        | 2 3 |  3.1
Conjurations   | 2 3 4 5 6 |  6.9
Fighting       | 1 2 3 4 5 |  5.5
Maces & Flails | 1 3 |  3.2
Evocations     | 1 3 4 |  4.0
Armour         | 2 3 |  3.1
Staves         | 1 |  1.1

Action                     |  1- 3 |  4- 6 |  7- 9 | 10-12 || total
---------------------------+-------+-------+-------+-------++-------
  Melee: Hand axe          |    16 |    18 |       |       ||    34
         Kick              |     4 |     5 |    11 |    21 ||    41
         Whip              |       |    17 |    28 |       ||    45
         Punch             |       |       |     1 |       ||     1
         Demon whip        |       |       |       |    18 ||    18
         Great mace        |       |       |       |    56 ||    56
   Cast: Foxfire           |    57 |   196 |   152 |   147 ||   552
         Scorch            |       |    11 |    35 |    58 ||   104
         Flame Wave        |       |       |     3 |    10 ||    13
  Evoke: Lightning rod     |       |       |     2 |     2 ||     4
         Wand              |       |       |     1 |     1 ||     2
         Condenser vane    |       |       |     1 |       ||     1
    Use: Potion            |       |     2 |    11 |     3 ||    16
         Scroll            |       |     6 |    11 |     4 ||    21
 Armour: Robe              |     7 |    12 |    12 |       ||    31
         Leather armour    |       |       |    15 |    59 ||    74
  Dodge: Dodged            |    19 |    25 |    94 |   120 ||   258

Table legend: (Time is in decaauts)
 A = Elapsed time spent in this place.
 B = Non-inter-level travel time spent in this place.
 C = Inter-level travel time spent in this place.
 D = Time resting spent in this place.
 E = Time spent auto-exploring this place.
 F = Levels seen in this place.
 G = Mean time per level.
                   A        B        C        D        E       F      G
               +--------+--------+--------+--------+--------+-----+--------+
         Total |  12633 |  12172 |    461 |      0 |  10230 |  13 |  971.8 |
       Dungeon |  12075 |  11614 |    461 |      0 |   9883 |  11 | 1097.7 |
        Temple |     22 |     22 |      0 |      0 |      0 |   1 |   22.0 |
        Bailey |    535 |    535 |      0 |      0 |    347 |   1 |  535.0 |
               +--------+--------+--------+--------+--------+-----+--------+

Top non-repeatable levels by time:
     D:8: 1725 daAuts
     D:1: 1341 daAuts
     D:6: 1180 daAuts
     D:7: 1145 daAuts
     D:4: 1134 daAuts
    D:10: 1119 daAuts
     D:9: 1107 daAuts
     D:3: 1102 daAuts
     D:2: 1007 daAuts
     D:5: 815 daAuts
  Bailey: 535 daAuts
    D:11: 395 daAuts
  Temple: 22 daAuts
